 Dungeon Crawl Stone Soup version 0.31.0-2-g5a2aebc5c2 (webtiles) character file.

Game seed: 5944326208943268539

87 Dirian the Trooper (level 4, -19/41 HPs)
             Began as a Minotaur Fighter on Jan 20, 2024.
             Demolished by an ogre
             ... wielding a +0 giant spiked club
              (23 damage)
             ... on level 4 of the Dungeon.
             The game lasted 00:03:07 (2128 turns).

Dirian the Trooper (Minotaur Fighter)               Turns: 2128, Time: 00:03:07

Health: -19/41     AC: 10    Str: 23    XL:     4   Next: 28%
Magic:  3/3        EV:  8    Int:  5    God:
Gold:   178        SH:  4    Dex:  9    Spells: 3/3 levels left

rFire   . . .        a - +1 war axe
rCold   . . .        c - +0 buckler
rNeg    . . .        f - +0 chain mail
rPois   .            (helmet restricted)
rElec   .            (no cloak)
rCorr   .            p - +0 pair of gloves
SInv    .            (no boots)
Will    .....        (no amulet) Stlth
                     (no ring)
HPRegen 0.26/turn    (no ring)
MPRegen 0.08/turn

%: no passive effects
@: no status effects
A: horns 2, retaliatory headbutt
a: no special abilities


You were on level 4 of the Dungeon.
You visited 1 branch of the dungeon, and saw 4 of its levels.

You collected 178 gold pieces.

Inventory:

Hand Weapons
 a - a +1 war axe (weapon)
Missiles
 k - 3 javelins (quivered)
Armour
 c - a +0 buckler (worn)
 f - a +0 chain mail (worn)
 p - a +0 pair of gloves (worn)
Scrolls
 i - a scroll of acquirement
 n - a scroll of noise
Potions
 d - a potion of might
 e - a potion of invisibility
 h - a potion of mutation
 j - 2 potions of lignification {unknown}
 q - 2 potions of curing
 s - 2 potions of heal wounds {unknown}


   Skills:
 + Level 4.3 Fighting
 + Level 3.5 Axes
 * Level 1.1 Throwing
 + Level 4.2 Armour
 + Level 4.2 Shields


You had 3 spell levels left.
You didn't know any spells.
Your spell library contained the following spells:

 Spells                   Type           Power      Damage    Failure   Level
 Inner Flame              Hex/Fire       0%         N/A       100%        3
 Irradiate                Conj/Alch      0%         3d11      100%        5
 Ignition                 Fire           0%         3d3       100%        8


Dungeon Overview and Level Annotations

Branches:
Dungeon (4/15) Zot: 21830
 Temple: D:4-7

Altars:
Dithmenos


Innate Abilities, Weirdness & Mutations

You have a pair of horns on your head.
You reflexively headbutt those who attack you in melee.


Message History

As you read the scroll labelled EHUGUFAYTO, it crumbles to dust.
The air around you briefly surges with heat, but it dissipates.
It was a scroll of immolation.
As you read the scroll labelled SORIOVI GURATU, it crumbles to dust.
You hear a loud clanging noise!
It was a scroll of noise.
As you read the scroll labelled YWYTIN IKHAU, it crumbles to dust.
Your body is wracked with pain!
It was a scroll of torment.
As you read the scroll labelled VOUT QOIWNUMY, it crumbles to dust.
It is a scroll of amnesia.
You feel forgetful for a moment.
As you read the scroll labelled BUYDDY GAEFYAK, it crumbles to dust.
You feel momentarily disoriented.
It was a scroll of revelation.
Okay, then.
You start resting.
HP restored.
There is a stone staircase leading down here.
You climb downwards.
The ogre shouts!
Found 6 poisoned darts, a ring mail, 18 gold pieces and a coppery potion.
Found a stone staircase leading down.
There is a stone staircase leading up here.
A kobold comes into view.
It is wielding a +0 short sword of speed.
The kobold shouts!
You barely miss the ogre. Your headbutt misses the ogre.
A ball python comes into view.
The ogre hits you with a +0 giant spiked club!
The ball python hisses angrily.
You hit the ogre. You headbutt the ogre.
The ogre is moderately wounded.
The ogre hits you with a +0 giant spiked club!!
Ouch! That really hurt!
* * * LOW HITPOINT WARNING * * *
You completely miss the ogre.
The ogre is moderately wounded.
You closely miss the kobold. The kobold hits you but does no damage.
The kobold closely misses you.
The ogre hits you with a +0 giant spiked club!!
Ouch! That really hurt!
You die...

#...# ##...#
.....# !...##
...$.### ###
#......
.....##...#
.......@..#
[......OK.(....
...>......####.
.####.##S.# ..
... ... ....
### ..##. ..#
.#


You could see an ogre, a ball python and a kobold.

Vanquished Creatures
  3 adders
  A dart slug (D:1)
  A ribbon worm (D:2)
  2 orcs (D:3)
  6 endoplasms
  2 giant cockroaches
  6 goblins
  5 hobgoblins
  3 quokkas
  2 ball pythons (D:2)
  5 bats
  6 frilled lizards
  4 kobolds
  8 rats
54 creatures vanquished.

Notes
Turn   | Place    | Note
-------+----------+-------------------------------------------
     0 | D:1      | Dirian the Minotaur Fighter began the quest for the Orb.
     0 | D:1      | Reached XP level 1. HP: 19/19 MP: 0/0
   183 | D:1      | Reached XP level 2. HP: 27/27 MP: 1/1
   816 | D:2      | Reached XP level 3. HP: 33/33 MP: 2/2
  1202 | D:2      | Found a shadowy altar of Dithmenos.
  1291 | D:3      | Reached skill level 1 in Throwing
  1418 | D:3      | Reached XP level 4. HP: 33/40 MP: 3/3
  2000 | D:3      | Identified a scroll of acquirement
  2121 | D:4      | Noticed an ogre
  2128 | D:4      | Demolished by an ogre

Illustrated notes

Levels and vault maps discovered:
D:1:      orjb1_lava_funnel, layout_rooms, minmay_misc_feat_rows
D:2:      minmay_wonky_spiral, layout_basic, basic_altar
D:3:      layout_basic, kennysheep_boxes
D:4:      layout_rooms, serial_shops, shop

Skill      XL: |  1  2  3 |
---------------+----------+-----
Armour         | 4 |  4.2
Shields        | 4 |  4.2
Fighting       | 4 |  4.3
Axes           | 3 |  3.5
Throwing       | 1 |  1.1

Action                     |  1- 3 |  4- 6 || total
---------------------------+-------+-------++-------
  Melee: War axe           |    86 |    21 ||   107
         Headbutt          |    10 |     4 ||    14
    Use: Scroll            |       |    10 ||    10
 Armour: Scale mail        |    65 |    12 ||    77
         Chain mail        |       |     4 ||     4
  Dodge: Dodged            |    45 |     8 ||    53
  Block: Buckler           |    25 |     5 ||    30
